Map: Whispers of Gold

Players

Filiusnox

  • Race: Zerg Zerg
  • League: Platinum
  • Spawn Location: 5:00

lunatik - Winner!

  • Race: Terran Terran
  • Spawn Location: 9:00

VOD

Have the link to the VOD?

Description

Time

  • Played on: Dec. 17, 2024, 2:37 a.m.
  • Length: 21:24
Show
View Real Time Build Order
Export as new Build Order

Filiusnox Zerg 

Build Orders: Hatch First 

Get SALT Encoding   

  12  0:00  Drone  
  13  0:12  Overlord  
  13  0:17  Drone  
  14  0:33  Drone x2  
  17  0:35  Drone  
  17  0:53  Hatchery  
  17  0:57  Drone  
  17  1:13  Spawning Pool  
  17  1:14  Extractor  
  17  1:17  Drone  
  16  1:20  Drone  
  17  1:26  Drone  
  17  1:31  Drone  
  19  1:40  Drone  
  20  1:49  Overlord  
  20  2:01  Queen  
  20  2:05  Queen  
  24  2:09  Drone  
  24  2:23  Drone x4  
  28  2:41  Drone x3  
  31  2:58  Drone  
  31  3:02  Drone x3  
  34  3:11  Lair  
  34  3:12  Metabolic Boost  
  34  3:13  Roach Warren  
  34  3:17  Drone x3  
  36  3:38  Overlord x5  
  36  3:57  Queen  
  36  4:01  Zergling x16  
  46  4:13  Drone x2  
  48  4:25  Drone  
  48  4:26  Extractor, Drone x2  
  48  4:27  Hatchery  
  49  4:36  Roach x6  
  54  5:00  Glial Reconstitution  
  54  5:03  Drone x2  
  54  5:04  Drone x2  
  54  5:06  Evolution Chamber x2  
  56  5:07  Drone  
  56  5:09  Drone x3  
  56  5:11  Extractor  
  59  5:18  Zergling x2  
  60  5:36  Zerg Ground Armor Level 1, Zerg Missile Weapons Level 1  
  60  5:42  Drone  
  61  5:44  Drone x2, Evolution Chamber  
  61  5:45  Drone x6  
  59  6:15  Drone x5  
  59  6:18  Drone x3  
  67  6:19  Drone x3  
  67  6:20  Drone  
  71  6:38  Zerg Melee Weapons Level 1  
  71  6:39  Zergling x6  
  74  6:42  Overlord x3  
  74  6:55  Tunneling Claws  
  74  6:58  Burrow  
  74  7:01  Infestation Pit  
  74  7:08  Roach x8  
  87  7:19  Spore Crawler  
  86  7:23  Zergling x22  
  96  7:48  Baneling Nest  
  95  7:52  Ravager  
  95  7:53  Ravager x2  
  95  7:55  Overlord x9  
  78  8:41  Ravager x4  
  79  8:43  Zergling x32  
  95  8:55  Ravager x5  
  95  8:56  Zergling x8  
  95  8:58  Zerg Melee Weapons Level 2  
  99  9:05  Extractor x2  
  99  9:07  Extractor, Drone x5  
  101  9:15  Hatchery  
  100  9:22  Hatchery  
  99  9:35  Baneling  
  99  9:36  Baneling x10, Hatchery  
  98  9:40  Baneling x6  
  98  9:42  Zergling x18  
  107  10:08  Centrifugal Hooks  
  107  10:09  Zerg Missile Weapons Level 2  
  83  10:36  Zergling x12  
  83  10:37  Zergling x10  
  85  10:53  Zergling x10  
  85  10:54  Zergling x2  
  84  10:59  Baneling  
  84  11:00  Baneling x15  
  66  11:35  Hatchery  
  65  11:40  Baneling x7  
  62  11:57  Zergling x4  
  62  11:58  Zergling x26  
  76  12:14  Zergling x2  
  76  12:15  Zergling x8  
  81  12:18  Baneling x3  
  81  12:26  Zergling x8  
  81  12:27  Zergling x2  
  86  12:33  Drone x5  
  47  13:07  Zergling x22  
  47  13:08  Zergling x12  
  64  13:15  Drone  
  64  13:16  Queen  
  67  13:20  Queen  
  67  13:21  Queen  
  71  13:42  Zerg Ground Armor Level 2  
  71  13:44  Hydralisk Den  
  70  13:51  Infestation Pit  
  61  14:04  Zergling x20  
  61  14:05  Zergling x22  
  70  14:25  Drone x9  
  77  14:33  Baneling x3  
  77  14:34  Baneling x6  
  77  14:37  Baneling Nest  
  76  15:03  Hydralisk  
  76  15:04  Hydralisk x21  
  120  15:09  Baneling x6  
  120  15:12  Zergling x2  
  121  15:21  Drone x8  
  103  16:11  Zergling x2  
  103  16:12  Zergling x50  
  103  16:36  Drone x13  
  103  16:37  Drone  
  91  17:11  Zergling x36  
  109  17:29  Spire, Hive  
  108  17:31  Spire  
  102  17:42  Extractor  
  91  17:44  Extractor  
  91  17:45  Extractor, Drone x2  
  91  17:46  Extractor, Drone  
  91  17:47  Drone x3  
  80  18:04  Zergling x2  
  80  18:05  Zergling x30  
  81  18:26  Hatchery  
  80  18:37  Baneling x6  
  80  18:38  Baneling x2  
  80  18:39  Baneling x8  
  80  18:47  Mutalisk x2  
  82  19:08  Mutalisk x3  
  84  19:22  Mutalisk x3  
  82  19:40  Drone x7  
  89  20:05  Mutalisk x4  
  97  20:28  Mutalisk x6  
  109  20:46  Corruptor  
Show
View Real Time Build Order
Export as new Build Order

lunatik Terran - Winner!

Build Orders: Reaper Expand 

Get SALT Encoding   

  12  0:00  SCV  
  13  0:12  SCV  
  14  0:20  Supply Depot  
  14  0:24  SCV  
  15  0:42  SCV  
  16  0:43  Barracks  
  16  0:46  Refinery  
  16  0:56  SCV  
  17  1:08  SCV  
  18  1:22  SCV  
  19  1:33  Reaper  
  20  1:46  Orbital Command  
  20  1:48  Command Center  
  20  1:59  Supply Depot  
  20  2:08  Factory  
  20  2:09  Marine  
  21  2:16  SCV  
  22  2:28  SCV  
  23  2:38  Barracks Reactor  
  23  2:40  SCV  
  24  2:54  SCV  
  25  3:03  Starport  
  25  3:04  Refinery  
  25  3:06  SCV  
  25  3:10  Orbital Command  
  26  3:18  SCV  
  27  3:28  Barracks Tech Lab  
  27  3:30  SCV  
  27  3:33  Supply Depot  
  28  3:43  SCV  
  28  3:45  SCV  
  28  3:48  Marine, Hellion x2  
  34  3:51  Supply Depot  
  34  3:55  Starport Reactor, SCV  
  36  3:57  SCV  
  36  3:58  Supply Depot  
  37  4:15  Hellion x2  
  41  4:18  SCV  
  41  4:19  SCV, Stimpack  
  41  4:20  Marine  
  44  4:29  Supply Depot  
  44  4:30  SCV  
  44  4:31  SCV  
  46  4:36  Hellion x2  
  46  4:38  Marine  
  50  4:43  SCV x2  
  53  4:50  Starport Tech Lab  
  52  4:56  Marine  
  52  5:03  SCV x2  
  54  5:13  Supply Depot  
  54  5:14  Command Center  
  54  5:15  SCV x2  
  54  5:17  Engineering Bay  
  54  5:20  Refinery  
  56  5:22  Supply Depot  
  56  5:27  SCV x2  
  58  5:29  Supply Depot  
  58  5:30  Marine  
  59  5:39  SCV  
  59  5:40  SCV  
  59  5:41  Barracks  
  59  5:42  Barracks  
  61  5:45  Terran Infantry Weapons Level 1  
  61  5:47  Marine  
  62  5:51  SCV  
  62  5:52  Supply Depot  
  57  6:12  Marine  
  57  6:15  Supply Depot  
  57  6:16  SCV x2, Bunker  
  54  6:19  Bunker  
  54  6:22  Refinery  
  54  6:23  Siege Tank  
  63  6:26  Medivac x2  
  63  6:27  Combat Shield  
  63  6:28  SCV, Command Center  
  63  6:31  Marauder  
  63  6:32  Marine x2  
  66  6:34  Barracks Reactor  
  66  6:42  Barracks Reactor  
  66  6:45  Supply Depot  
  66  6:47  Orbital Command  
  66  6:55  Siege Tank  
  66  6:56  Marine x2  
  66  6:57  Marauder  
  73  7:07  Supply Depot  
  73  7:14  Marine x2  
  75  7:18  Marauder, Liberator x2  
  83  7:32  Supply Depot  
  83  7:33  Supply Depot  
  83  7:40  Marauder  
  83  7:42  Supply Depot  
  85  7:55  Supply Depot  
  85  7:58  Orbital Command  
  84  8:12  Orbital Command  
  84  8:14  Marine x3  
  84  8:15  Marauder  
  89  8:21  Marine  
  89  8:23  Terran Infantry Armor Level 1  
  90  8:32  Marine x2  
  83  8:36  Marauder  
  84  8:41  Orbital Command  
  80  8:57  Marauder  
  82  9:04  Marine x4  
  82  9:08  Siege Tank  
  82  9:09  Medivac x2  
  93  9:14  Armory, Barracks  
  93  9:16  Barracks  
  93  9:19  Marauder  
  93  9:22  Marine x3  
  93  9:23  Supply Depot  
  98  9:24  Supply Depot  
  98  9:26  SCV x2  
  98  9:27  SCV  
  101  9:38  SCV  
  101  9:40  Marauder, Siege Tank  
  101  9:42  Orbital Command  
  107  9:47  Marine x4, Supply Depot x2  
  111  9:54  Engineering Bay  
  111  10:01  Marauder  
  113  10:09  Supply Depot x2  
  113  10:11  Barracks Reactor x2  
  113  10:12  Siege Tank  
  116  10:18  Refinery  
  116  10:21  Terran Infantry Weapons Level 2  
  116  10:23  Marauder  
  113  10:33  Supply Depot  
  89  10:43  Marine x3  
  89  10:44  Marauder, Siege Tank  
  94  11:06  Marauder  
  96  11:13  SCV x2  
  96  11:16  Siege Tank  
  95  11:25  SCV x2  
  94  11:27  Marauder  
  91  11:37  SCV  
  92  12:06  Orbital Command  
  92  12:08  Siege Tank  
  94  12:09  Orbital Command  
  94  12:25  Marine x3  
  94  12:26  Marine x2  
  99  12:33  SCV, Barracks Reactor  
  99  12:34  SCV  
  101  12:37  Barracks Tech Lab  
  101  12:40  Siege Tank  
  101  12:43  Marine x2  
  106  12:45  SCV  
  106  12:46  SCV  
  105  12:58  SCV  
  101  13:30  Marine x4  
  101  13:31  Marauder x2, Marine x2, Command Center  
  101  13:32  Concussive Shells  
  101  13:33  Command Center  
  111  13:46  Orbital Command  
  106  14:49  Orbital Command  
  106  14:57  Supply Depot  
  106  15:04  Marine  
  106  15:05  Marine x6  
  106  15:06  Marine  
  114  15:10  Medivac x2  
  114  15:12  Orbital Command  
  118  15:21  Supply Depot  
  118  15:22  Marine  
  118  15:24  Marauder x2  
  123  15:32  Marine  
  124  15:43  Marine x5  
  124  15:45  Marauder  
  124  15:47  Orbital Command  
  121  16:07  Marauder, Marine x5  
  121  16:08  Marauder  
  107  16:23  Marine  
  107  16:24  Marine  
  107  16:25  Marine x2  
  104  16:27  Marine  
  104  16:28  Siege Tank  
  104  16:29  Marauder, Medivac x2  
  110  16:48  Orbital Command  
  110  16:50  Marauder  
  110  16:53  Refinery  
  112  17:00  Siege Tank  
  112  17:01  Liberator x2  
  107  17:02  Marine x3  
  107  17:03  Marine x4  
  116  17:42  Siege Tank  
  116  17:43  Marine x2  
  116  17:44  Liberator  
  112  18:14  Siege Tank  
  112  18:18  Marine x2  
  112  18:19  Marauder, Marine x5, Orbital Command  
  124  18:20  SCV x3  
  127  18:29  Medivac x2  
  127  18:32  SCV x3  
  127  18:34  Refinery  
  134  18:36  Marine x2  
  134  18:39  Command Center  
  134  18:40  Marauder, Marine  
  134  18:41  Marine  
  140  18:47  Siege Tank  
  143  18:59  Liberator x2  
  143  19:02  Marauder  
  151  19:19  Marine  
  151  19:20  Marine x6  
  151  19:23  Marauder  
  160  19:37  Marine  
  161  19:41  Liberator x2  
  161  19:43  Refinery  
  161  19:44  Supply Depot  
  161  19:45  Marauder  
  169  19:50  Marine x6, Supply Depot  
  175  19:55  Marine  
  176  20:06  Marauder  
  178  20:07  Supply Depot  
  178  20:10  Command Center  
  178  20:14  Ghost Academy  
  177  20:27  Marauder  
  175  21:01  Marine x4  
  175  21:02  Marine  
  180  21:09  Factory Reactor  
  180  21:10  Missile Turret x3  
Tags
 
Add a new tag
Caveats
  • Supply blocks, unpowered buildings, or Contaminate may cause inaccurate times.
  • Supply counts are checked every 10 seconds.